Panthers vs Canadiens
Created - March 31, 2018 at 19:43
Goals
|
Panthers |
0 |
1 |
0 |
1 |
Canadiens |
1 |
1 |
1 |
3 |
|
Shots
|
Panthers |
10 |
12 |
8 |
30 |
Canadiens |
8 |
14 |
10 |
32 |
|
1st period
1. Canadiens , Sidney Crosby 45 (Patrick Sharp 55, Evgeny Dadonov 24) at 18:05
Penalties :
Luke Schenn (Mon) for Roughing (Minor) at 6:31, Evgeny Dadonov (Mon) for Holding (Minor) at 12:04
2nd period
2. Canadiens , Greg Stewart 21 (Jason Spezza 28) at 7:34
3. Panthers , Guillaume Latendresse 47 (Erik Gudbranson 18, Drew Stafford 17) at 12:17
Penalties :
Cal Clutterbuck (Mon) for Tripping (Minor) at 15:28
3rd period
4. Canadiens , Ladislav Nagy 4 (Marcel Goc 9, David Jones 14) at 8:47
Penalties :
Shawn Horcoff (Flo) for Tripping (Minor) at 3:59, Sidney Crosby (Mon) for Tripping (Minor) at 13:14, Evgeny Dadonov (Mon) for Slashing (Minor) at 17:57
Goalie Stats
Antti Niemi (Flo), 29 saves from 32 shots - (0.906), L, 19-21-4, 60:00 minutes
Jonathan Bernier (Mon), 29 saves from 30 shots - (0.967), W, 34-22-2, 60:00 minutes
Players Stats for Panthers
Player Name G A P +/- PIM S H SB GA TA FO MP PP MP PK MP
------------------------------------------------------------------------------------
Alexander Perezhogin 0 0 0 0 0 0 2 1 1 0 0/0 11:39 0:08 0:00
Brayden Schenn 0 0 0 0 0 2 1 1 1 1 4/10 17:46 4:36 0:57
Brendan Smith 0 0 0 -1 0 2 2 1 0 1 0/0 23:44 4:09 0:57
Cory Emmerton 0 0 0 -1 0 3 3 0 0 1 19/34 21:38 5:11 0:43
Daniel Sedin 0 0 0 -1 0 2 1 0 1 0 0/0 9:31 0:08 0:21
Drew Stafford 0 1 1 -1 0 5 3 1 0 0 2/2 21:31 5:11 0:36
Erik Gudbranson 0 1 1 -1 0 1 0 0 1 0 0/0 26:34 5:46 0:00
George Parros 0 0 0 -1 0 2 2 0 0 0 0/0 8:38 0:00 0:00
Guillaume Latendresse 1 0 1 -1 0 4 0 0 0 1 3/4 21:57 5:11 1:02
Ian White 0 0 0 -1 0 1 0 0 0 1 0/0 23:09 5:46 0:00
Jeff Tambellini 0 0 0 0 0 0 1 0 0 0 0/0 16:49 4:36 0:00
Jonathan Matsumoto 0 0 0 -1 0 3 1 0 0 0 3/6 8:57 0:00 0:19
Jonathan Sigalet 0 0 0 0 0 1 0 0 0 0 0/0 13:07 0:00 1:02
Matthew Spiller 0 0 0 0 0 1 4 1 0 0 0/0 13:07 0:00 1:02
Michal Rozsival 0 0 0 -1 0 1 3 0 0 1 0/0 20:19 4:09 0:57
Patrick Marleau 0 0 0 0 0 2 1 0 0 0 0/0 11:39 0:08 0:00
Shawn Horcoff 0 0 0 0 2 0 4 0 0 1 4/4 11:06 0:00 0:00
Tomas Kopecky 0 0 0 0 0 0 2 1 0 0 1/1 16:49 4:36 0:00
Players Stats for Canadiens
Player Name G A P +/- PIM S H SB GA TA FO MP PP MP PK MP
------------------------------------------------------------------------------------
Adam Pardy 0 0 0 2 0 1 0 0 0 1 0/0 21:18 0:20 6:19
Brett Maclean 0 0 0 0 0 0 2 1 0 0 0/0 10:44 0:00 0:00
Cal Clutterbuck 0 0 0 0 2 4 2 1 0 0 0/0 15:45 0:12 4:10
David Jones 0 1 1 1 0 2 0 0 0 0 1/2 10:00 0:12 2:29
Dennis Wideman 0 0 0 1 0 0 6 0 1 0 0/0 25:27 0:56 3:27
Dustin Boyd 0 0 0 0 0 4 2 0 0 0 3/7 16:13 0:49 3:36
Evgeny Dadonov 0 1 1 0 4 0 1 0 2 0 2/2 17:40 0:58 0:00
Greg Stewart 1 0 1 1 0 4 1 0 0 0 0/0 14:29 0:49 1:17
Jason Spezza 0 1 1 1 0 1 1 0 1 0 5/18 18:53 1:03 5:03
Joe Pavelski 0 0 0 1 0 0 2 0 0 1 2/2 13:12 0:49 0:00
Karl Alzner 0 0 0 0 0 1 0 1 0 1 0/0 22:28 0:00 5:09
Ladislav Nagy 1 0 1 1 0 3 1 0 0 0 0/0 7:47 0:12 0:20
Luke Schenn 0 0 0 0 2 6 1 2 0 0 0/0 25:25 1:03 3:33
Marcel Goc 0 1 1 1 0 1 0 0 1 0 3/4 6:32 0:00 0:00
Patrick Sharp 0 1 1 0 0 4 0 0 1 0 0/1 21:24 0:58 2:55
Sidney Crosby 1 0 1 0 2 1 1 0 1 0 9/25 18:01 0:58 0:00
Vitaly Vishnevsky 0 0 0 0 0 0 0 1 0 1 0/0 4:35 0:00 1:20
Wes O'Neill 0 0 0 1 0 0 2 0 0 0 0/0 20:07 0:36 0:02
3 Stars
1 - Jonathan Bernier (Mon)
2 - Ladislav Nagy (Mon)
3 - Greg Stewart (Mon)
Power Play
Panthers - 0 on 5 Attempt(s) - 0.00%
Canadiens - 0 on 1 Attempt(s) - 0.00%
Penalty Kill
Panthers - 1 on 1 Attempt(s) - 100.00%
- Score 0 goal in Penalty Kill
Canadiens - 5 on 5 Attempt(s) - 100.00%
- Score 0 goal in Penalty Kill
Team Stat
Panthers - Hits : 30 - Faceoff Wins : 36 - Blocked Shots : 6 - Penalty Minutes : 2
Canadiens - Hits : 22 - Faceoff Wins : 25 - Blocked Shots : 6 - Penalty Minutes : 10
Official
Referees : Devorski Paul and Martell Rob
Linesman : Jay Sharrers and David Brisebois
Game Notes
Vitaly Vishnevsky is injured at 11:49 of 1st period (Head)
Finance
Level 1 -- Attendance: 6000 (100.00%) -- Ticket Income $528,000
Level 2 -- Attendance: 4657 (93.14%) -- Ticket Income $256,135
Level 3 -- Attendance: 2000 (100.00%) -- Ticket Income $72,000
Level 4 -- Attendance: 4000 (100.00%) -- Ticket Income $108,000
Luxury Box -- Attendance: 996 (99.60%) -- Ticket Income $154,380
Game was played at the Centre Bell.
Total Attendance: 17653 (98.07%)
Total Ticket Income: $1,118,515
Other Income: $167,777
Total Income: $1,286,292
Panthers
5 vs 5 Forward
Center Left Wing Right Wing Time % Phy DF OF
1 Cory Emmerton Guillaume Latendresse Drew Stafford 40 0 2 3
2 Brayden Schenn Jeff Tambellini Tomas Kopecky 30 0 2 3
3 Shawn Horcoff Patrick Marleau Alexander Perezhogin 20 0 3 2
4 Jonathan Matsumoto Daniel Sedin George Parros 10 1 2 2
5 vs 5 Defense
Defense Defense Time % Phy DF OF
1 Brendan Smith Erik Gudbranson 40 0 2 3
2 Ian White Michal Rozsival 30 0 2 3
3 Jonathan Sigalet Matthew Spiller 20 0 3 2
4 Ian White Erik Gudbranson 10 0 2 3
PowerPlay Forward
Center Left Wing Right Wing Time % Phy DF OF
1 Cory Emmerton Guillaume Latendresse Drew Stafford 60 0 1 4
2 Brayden Schenn Jeff Tambellini Tomas Kopecky 40 0 1 4
PowerPlay Defense
Defense Defense Time % Phy DF OF
1 Ian White Erik Gudbranson 60 0 2 3
2 Brendan Smith Michal Rozsival 40 0 2 3
Penalty Kill 4 Players Forward
Center Wing Time % Phy DF OF
1 Brayden Schenn Guillaume Latendresse 60 1 3 1
2 Shawn Horcoff Drew Stafford 40 1 3 1
Penalty Kill 4 Players Defense
Defense Defense Time % Phy DF OF
1 Brendan Smith Michal Rozsival 60 1 4 0
2 Matthew Spiller Jonathan Sigalet 40 1 4 0
Penalty Kill - 3 Players Forward
Forward Time % Phy DF OF
1 Brayden Schenn 60 0 4 1
2 Guillaume Latendresse 40 0 4 1
Penalty Kill - 3 Players Defense
Defense Defense Time % Phy DF OF
1 Brendan Smith Michal Rozsival 60 1 4 0
2 Matthew Spiller Jonathan Sigalet 40 1 4 0
4 vs 4 Forward
Center Wing Time % Phy DF OF
1 Cory Emmerton Guillaume Latendresse 60 0 2 3
2 Brayden Schenn Jeff Tambellini 40 0 2 3
4 vs 4 Defense
Defense Defense Time % Phy DF OF
1 Ian White Erik Gudbranson 60 1 2 2
2 Brendan Smith Michal Rozsival 40 1 2 2
Last Minutes Offensive
Center Left Wing Right Wing Defense Defense
Cory Emmerton Guillaume Latendresse Drew Stafford Ian White Brendan Smith
Last Minutes Defensive
Center Left Wing Right Wing Defense Defense
Brayden Schenn Guillaume Latendresse Drew Stafford Brendan Smith Matthew Spiller
Goaltenders
Starting : Antti Niemi
Backup : Petr Mrazek
Extra Forwards
Normal : Brayden Schenn, Guillaume Latendresse, Cory Emmerton - PP : Patrick Marleau, Daniel Sedin - PK : Shawn Horcoff
Extra Defensemen
Normal : Ian White, Erik Gudbranson, Brendan Smith - PP : Jonathan Sigalet - PK : Matthew Spiller, Erik Gudbranson
Penalty Shots
Guillaume Latendresse, Patrick Marleau, Jeff Tambellini, Daniel Sedin, Jonathan Matsumoto
Scratches
Pavel Kubina (Healthy)
Canadiens
5 vs 5 Forward
Center Left Wing Right Wing Time % Phy DF OF
1 Sidney Crosby Patrick Sharp Evgeny Dadonov 40 1 2 2
2 Jason Spezza Greg Stewart Joe Pavelski 30 1 2 2
3 Dustin Boyd Brett Maclean Cal Clutterbuck 20 1 2 2
4 Marcel Goc Ladislav Nagy David Jones 10 1 2 2
5 vs 5 Defense
Defense Defense Time % Phy DF OF
1 Luke Schenn Dennis Wideman 40 1 2 2
2 Vitaly Vishnevsky Karl Alzner 30 1 2 2
3 Wes O'Neill Adam Pardy 20 1 2 2
4 Luke Schenn Dennis Wideman 10 1 2 2
PowerPlay Forward
Center Left Wing Right Wing Time % Phy DF OF
1 Sidney Crosby Patrick Sharp Evgeny Dadonov 60 1 2 2
2 Dustin Boyd Greg Stewart Joe Pavelski 40 1 2 2
PowerPlay Defense
Defense Defense Time % Phy DF OF
1 Luke Schenn Jason Spezza 60 1 2 2
2 Vitaly Vishnevsky Dennis Wideman 40 1 2 2
Penalty Kill 4 Players Forward
Center Wing Time % Phy DF OF
1 Jason Spezza Cal Clutterbuck 60 1 2 2
2 Dustin Boyd Patrick Sharp 40 1 2 2
Penalty Kill 4 Players Defense
Defense Defense Time % Phy DF OF
1 Luke Schenn Adam Pardy 60 1 2 2
2 Vitaly Vishnevsky Karl Alzner 40 1 2 2
Penalty Kill - 3 Players Forward
Forward Time % Phy DF OF
1 Sidney Crosby 60 1 2 2
2 Jason Spezza 40 1 2 2
Penalty Kill - 3 Players Defense
Defense Defense Time % Phy DF OF
1 Luke Schenn Adam Pardy 60 1 2 2
2 Vitaly Vishnevsky Karl Alzner 40 1 2 2
4 vs 4 Forward
Center Wing Time % Phy DF OF
1 Sidney Crosby Evgeny Dadonov 60 1 2 2
2 Jason Spezza Joe Pavelski 40 1 2 2
4 vs 4 Defense
Defense Defense Time % Phy DF OF
1 Luke Schenn Dennis Wideman 60 1 2 2
2 Vitaly Vishnevsky Karl Alzner 40 1 2 2
Last Minutes Offensive
Center Left Wing Right Wing Defense Defense
Sidney Crosby Patrick Sharp Joe Pavelski Luke Schenn Dennis Wideman
Last Minutes Defensive
Center Left Wing Right Wing Defense Defense
Sidney Crosby Patrick Sharp Joe Pavelski Luke Schenn Adam Pardy
Goaltenders
Starting : Jonathan Bernier
Backup : Mikael Tellqvist
Extra Forwards
Normal : Cal Clutterbuck, Dustin Boyd, David Jones - PP : Cal Clutterbuck, Dustin Boyd - PK : David Jones
Extra Defensemen
Normal : Wes O'Neill, Adam Pardy, Vitaly Vishnevsky - PP : Wes O'Neill - PK : Adam Pardy, Vitaly Vishnevsky
Penalty Shots
Sidney Crosby, Jason Spezza, Joe Pavelski, Patrick Sharp, Greg Stewart
Scratches
Andrew Ebbett (Healthy)
% Time on Ice - Panthers
Lines # - Real PCT - Wanted PCT - Time Play
Normal Forward
1 - 34% - 40% - 16:08
2 - 25% - 30% - 12:13
3 - 23% - 20% - 11:07
4 - 18% - 10% - 8:38
Normal Defense
1 - 38% - 40% - 18:09
2 - 32% - 30% - 15:33
3 - 24% - 20% - 11:45
4 - 6% - 10% - 2:39
PP Forward
1 - 54% - 60% - 5:19
2 - 46% - 40% - 4:36
PP Defense
1 - 58% - 60% - 5:46
2 - 42% - 40% - 4:09
PK Forward
1 - 70% - 60% - 1:23
2 - 30% - 40% - 0:36
PK Defense
1 - 48% - 60% - 0:57
2 - 52% - 40% - 1:02
PK3 Forward
1 - 0% - 60%
2 - 0% - 40%
PK3 Defense
1 - 0% - 60%
2 - 0% - 40%
44 Forward
1 - 0% - 60%
2 - 0% - 40%
44 Defense
1 - 0% - 60%
2 - 0% - 40%
Last Minute Offensive - 0:00
Last Minute Defensive - 0:00
Total
Forward - 60:00
Defense - 60:00
|
% Time on Ice - Canadiens
Lines # - Real PCT - Wanted PCT - Time Play
Normal Forward
1 - 36% - 40% - 17:24
2 - 28% - 30% - 13:26
3 - 22% - 20% - 10:44
4 - 14% - 10% - 6:32
Normal Defense
1 - 39% - 40% - 18:54
2 - 40% - 30% - 19:14
3 - 17% - 20% - 8:02
4 - 4% - 10% - 1:56
PP Forward
1 - 59% - 60% - 1:10
2 - 41% - 40% - 0:49
PP Defense
1 - 53% - 60% - 1:03
2 - 47% - 40% - 0:56
PK Forward
1 - 71% - 60% - 7:00
2 - 29% - 40% - 2:55
PK Defense
1 - 49% - 60% - 4:51
2 - 51% - 40% - 5:04
PK3 Forward
1 - 0% - 60%
2 - 0% - 40%
PK3 Defense
1 - 0% - 60%
2 - 0% - 40%
44 Forward
1 - 0% - 60%
2 - 0% - 40%
44 Defense
1 - 0% - 60%
2 - 0% - 40%
Last Minute Offensive - 0:00
Last Minute Defensive - 0:00
Total
Forward - 60:00
Defense - 60:00
|
Play by Play
1st period
0:01 of 1st period - Guillaume Latendresse wins face-off versus Patrick Sharp in neutral zone.
0:48 of 1st period - Cal Clutterbuck is hit by Shawn Horcoff and loses puck.
2:34 of 1st period - Dustin Boyd is hit by Drew Stafford and loses puck.
2:55 of 1st period - Wrist shot by Jonathan Matsumoto.
2:55 of 1st period - Stopped by Jonathan Bernier without a rebound.
2:56 of 1st period - Sidney Crosby wins face-off versus Jonathan Matsumoto in Canadiens zone.
3:05 of 1st period - Slapshot by Patrick Sharp.
3:05 of 1st period - Stopped by Antti Niemi without a rebound.
3:06 of 1st period - Sidney Crosby wins face-off versus Cory Emmerton in Panthers zone.
3:41 of 1st period - Snap shot by Sidney Crosby.
3:41 of 1st period - Shot Blocked by Drew Stafford.
3:43 of 1st period - Snap shot by Luke Schenn.
3:43 of 1st period - Deflect By Brendan Smith.
3:43 of 1st period - Stopped by Antti Niemi without a rebound.
3:44 of 1st period - Brayden Schenn wins face-off versus Jason Spezza in Panthers zone.
3:48 of 1st period - Off-side.
3:49 of 1st period - Joe Pavelski wins face-off versus Brayden Schenn in neutral zone.
4:00 of 1st period - Slapshot by Greg Stewart.
4:00 of 1st period - Stopped by Antti Niemi with a rebound.
5:04 of 1st period - Slapshot by Erik Gudbranson.
5:04 of 1st period - Deflect By Daniel Sedin.
5:04 of 1st period - Shot Misses the Net.
5:04 of 1st period - Puck is out of play.
5:05 of 1st period - Jason Spezza wins face-off versus Brayden Schenn in Canadiens zone.
5:31 of 1st period - Sidney Crosby is hit by Drew Stafford and loses puck.
5:58 of 1st period - Vitaly Vishnevsky is hit by Alexander Perezhogin and loses puck.
6:17 of 1st period - Wrist shot by Brendan Smith.
6:17 of 1st period - Stopped by Jonathan Bernier without a rebound.
6:18 of 1st period - Jason Spezza wins face-off versus Brayden Schenn in Canadiens zone.
6:31 of 1st period - Minor Penalty to Luke Schenn for Roughing.
6:32 of 1st period - Cory Emmerton wins face-off versus Jason Spezza in Canadiens zone.
7:27 of 1st period - Jason Spezza is hit by Cory Emmerton and loses puck.
8:31 of 1st period - Penalty to Luke Schenn is over, Luke Schenn is back on ice.
8:38 of 1st period - Slapshot by Patrick Sharp.
8:38 of 1st period - Shot Misses the Net.
8:40 of 1st period - Wrist shot by Patrick Sharp.
8:40 of 1st period - Stopped by Antti Niemi with a rebound.
8:42 of 1st period - Snap shot by Patrick Sharp.
8:42 of 1st period - Shot Misses the Net.
8:44 of 1st period - Snap shot by Luke Schenn.
8:44 of 1st period - Shot Misses the Net.
8:46 of 1st period - Wrist shot by Luke Schenn.
8:46 of 1st period - Shot Misses the Net.
8:48 of 1st period - Wrist shot by Luke Schenn.
8:48 of 1st period - Stopped by Antti Niemi with a rebound.
8:50 of 1st period - Slapshot by Dennis Wideman.
8:50 of 1st period - Shot Misses the Net.
8:52 of 1st period - Slapshot by Karl Alzner.
8:52 of 1st period - Shot Blocked by Alexander Perezhogin.
8:54 of 1st period - Wrist shot by Luke Schenn.
8:54 of 1st period - Stopped by Antti Niemi without a rebound.
8:55 of 1st period - Marcel Goc wins face-off versus Jonathan Matsumoto in Panthers zone.
9:47 of 1st period - Wrist shot by Cory Emmerton.
9:47 of 1st period - Stopped by Jonathan Bernier without a rebound.
9:48 of 1st period - Cory Emmerton wins face-off versus Sidney Crosby in Canadiens zone.
9:49 of 1st period - Snap shot by Drew Stafford.
9:49 of 1st period - Shot Misses the Net.
10:40 of 1st period - Adam Pardy is hit by Michal Rozsival and loses puck.
10:57 of 1st period - Icing by Patrick Sharp.
10:58 of 1st period - Sidney Crosby wins face-off versus Jonathan Matsumoto in Canadiens zone.
11:29 of 1st period - Snap shot by Daniel Sedin.
11:29 of 1st period - Shot Misses the Net.
11:31 of 1st period - Snap shot by Ian White.
11:31 of 1st period - Stopped by Jonathan Bernier with a rebound.
11:47 of 1st period - Slapshot by Jonathan Matsumoto.
11:47 of 1st period - Shot Misses the Net.
11:49 of 1st period - Snap shot by George Parros.
11:49 of 1st period - Shot Blocked by Vitaly Vishnevsky.
11:49 of 1st period - Vitaly Vishnevsky from Canadiens is injured at 11:49 of 1st period (Head).
11:50 of 1st period - Guillaume Latendresse wins face-off versus Sidney Crosby in Canadiens zone.
11:55 of 1st period - Snap shot by Cory Emmerton.
11:55 of 1st period - Shot Misses the Net.
12:01 of 1st period - Snap shot by Guillaume Latendresse.
12:01 of 1st period - Deflect By Drew Stafford.
12:01 of 1st period - Shot Misses the Net.
12:01 of 1st period - Puck is out of play.
12:02 of 1st period - Sidney Crosby wins face-off versus Cory Emmerton in Canadiens zone.
12:04 of 1st period - Minor Penalty to Evgeny Dadonov for Holding.
12:05 of 1st period - Cory Emmerton wins face-off versus Jason Spezza in Canadiens zone.
12:41 of 1st period - Snap shot by Dustin Boyd.
12:41 of 1st period - Deflect By Patrick Sharp.
12:41 of 1st period - Shot Misses the Net.
12:41 of 1st period - Puck is out of play.
12:42 of 1st period - Cory Emmerton wins face-off versus Jason Spezza in Panthers zone.
13:07 of 1st period - Jason Spezza is hit by Tomas Kopecky and loses puck.
13:26 of 1st period - Cory Emmerton is hit by Dennis Wideman.
14:04 of 1st period - Penalty to Evgeny Dadonov is over, Evgeny Dadonov is back on ice.
14:14 of 1st period - Wrist shot by Daniel Sedin.
14:14 of 1st period - Shot Misses the Net.
14:16 of 1st period - Slapshot by Brendan Smith.
14:16 of 1st period - Deflect By Daniel Sedin.
14:16 of 1st period - Shot Blocked by Cal Clutterbuck.
14:16 of 1st period - Puck is out of play.
14:17 of 1st period - Jonathan Matsumoto wins face-off versus Sidney Crosby in Canadiens zone.
14:24 of 1st period - Slapshot by George Parros.
14:24 of 1st period - Stopped by Jonathan Bernier without a rebound.
14:25 of 1st period - Cory Emmerton wins face-off versus Sidney Crosby in Canadiens zone.
14:28 of 1st period - Snap shot by Guillaume Latendresse.
14:28 of 1st period - Stopped by Jonathan Bernier with a rebound.
14:43 of 1st period - Off-side.
14:44 of 1st period - Brayden Schenn wins face-off versus Jason Spezza in neutral zone.
14:48 of 1st period - Brendan Smith is hit by Dennis Wideman and loses puck.
14:54 of 1st period - Dennis Wideman is hit by Brendan Smith.
15:10 of 1st period - Snap shot by Cal Clutterbuck.
15:10 of 1st period - Stopped by Antti Niemi without a rebound.
15:11 of 1st period - Dustin Boyd wins face-off versus Cory Emmerton in Panthers zone.
15:12 of 1st period - Snap shot by Cal Clutterbuck.
15:12 of 1st period - Shot Misses the Net.
15:53 of 1st period - Shawn Horcoff is hit by Wes O'Neill and loses puck.
16:24 of 1st period - Wrist shot by Drew Stafford.
16:24 of 1st period - Stopped by Jonathan Bernier with a rebound.
16:27 of 1st period - Icing by David Jones.
16:28 of 1st period - Marcel Goc wins face-off versus Cory Emmerton in Canadiens zone.
16:49 of 1st period - Wrist shot by Cory Emmerton.
16:49 of 1st period - Stopped by Jonathan Bernier with a rebound.
16:52 of 1st period - Icing by Dennis Wideman.
16:53 of 1st period - Brayden Schenn wins face-off versus Marcel Goc in Canadiens zone.
17:47 of 1st period - Snap shot by Guillaume Latendresse.
17:47 of 1st period - Shot Misses the Net.
17:57 of 1st period - Snap shot by Patrick Sharp.
17:57 of 1st period - Shot Misses the Net.
18:03 of 1st period - Wrist shot by Sidney Crosby.
18:03 of 1st period - Shot Blocked by Brendan Smith.
18:05 of 1st period - Snap shot by Sidney Crosby.
18:05 of 1st period - Goal by Sidney Crosby - Panthers : 0 - Canadiens : 1.
18:06 of 1st period - Cory Emmerton wins face-off versus Jason Spezza in neutral zone.
18:32 of 1st period - Jeff Tambellini is hit by Wes O'Neill and loses puck.
19:03 of 1st period - Slapshot by Daniel Sedin.
19:03 of 1st period - Stopped by Jonathan Bernier without a rebound.
19:04 of 1st period - Joe Pavelski wins face-off versus Cory Emmerton in Canadiens zone.
19:38 of 1st period - Snap shot by Brayden Schenn.
19:38 of 1st period - Stopped by Jonathan Bernier without a rebound.
19:39 of 1st period - Shawn Horcoff wins face-off versus Dustin Boyd in Canadiens zone.
19:50 of 1st period - Michal Rozsival is hit by Cal Clutterbuck.
19:58 of 1st period - Adam Pardy is hit by Michal Rozsival and loses puck.
Goals for this period are 0 for Panthers vs 1 for Canadiens.
Shots for this period are 10 for Panthers vs 8 for Canadiens.
2nd period
0:01 of 2nd period - Cory Emmerton wins face-off versus Jason Spezza in neutral zone.
0:14 of 2nd period - Snap shot by Joe Pavelski.
0:14 of 2nd period - Shot Misses the Net.
0:26 of 2nd period - Evgeny Dadonov is hit by Brendan Smith and loses puck.
1:31 of 2nd period - Slapshot by Shawn Horcoff.
1:31 of 2nd period - Shot Blocked by Luke Schenn.
1:33 of 2nd period - Snap shot by Alexander Perezhogin.
1:33 of 2nd period - Deflect By Patrick Marleau.
1:33 of 2nd period - Stopped by Jonathan Bernier with a rebound.
1:35 of 2nd period - Slapshot by Erik Gudbranson.
1:35 of 2nd period - Stopped by Jonathan Bernier without a rebound.
1:36 of 2nd period - Guillaume Latendresse wins face-off versus Sidney Crosby in Canadiens zone.
1:59 of 2nd period - Evgeny Dadonov is hit by Michal Rozsival and loses puck.
2:14 of 2nd period - Wrist shot by Drew Stafford.
2:14 of 2nd period - Deflect By Wes O'Neill.
2:14 of 2nd period - Shot Misses the Net.
2:14 of 2nd period - Puck is out of play.
2:15 of 2nd period - Jason Spezza wins face-off versus Brayden Schenn in Canadiens zone.
2:42 of 2nd period - Alexander Perezhogin is hit by Dustin Boyd and loses puck.
3:48 of 2nd period - Slapshot by Brayden Schenn.
3:48 of 2nd period - Stopped by Jonathan Bernier without a rebound.
3:49 of 2nd period - Brayden Schenn wins face-off versus Jason Spezza in Canadiens zone.
4:00 of 2nd period - Jeff Tambellini is hit by Greg Stewart and loses puck.
4:05 of 2nd period - Snap shot by Jason Spezza.
4:05 of 2nd period - Shot Misses the Net.
4:41 of 2nd period - Guillaume Latendresse is hit by Luke Schenn and loses puck.
4:52 of 2nd period - Snap shot by Guillaume Latendresse.
4:52 of 2nd period - Stopped by Jonathan Bernier without a rebound.
4:53 of 2nd period - Tomas Kopecky wins face-off versus Jason Spezza in Canadiens zone.
4:54 of 2nd period - Slapshot by Brayden Schenn.
4:54 of 2nd period - Shot Misses the Net.
5:06 of 2nd period - Wrist shot by Joe Pavelski.
5:06 of 2nd period - Shot Misses the Net.
5:08 of 2nd period - Wrist shot by Greg Stewart.
5:08 of 2nd period - Stopped by Antti Niemi with a rebound.
5:10 of 2nd period - Slapshot by Wes O'Neill.
5:10 of 2nd period - Shot Misses the Net.
5:54 of 2nd period - Wrist shot by George Parros.
5:54 of 2nd period - Stopped by Jonathan Bernier without a rebound.
5:55 of 2nd period - Cory Emmerton wins face-off versus Sidney Crosby in Canadiens zone.
6:20 of 2nd period - Tomas Kopecky is hit by Jason Spezza and loses puck.
6:29 of 2nd period - Jason Spezza is hit by Tomas Kopecky and loses puck.
6:46 of 2nd period - Cal Clutterbuck is hit by Matthew Spiller and loses puck.
7:14 of 2nd period - Ian White is hit by Ladislav Nagy and loses puck.
7:25 of 2nd period - Ian White is hit by Dennis Wideman and loses puck.
7:34 of 2nd period - Snap shot by Greg Stewart.
7:34 of 2nd period - Goal by Greg Stewart - Panthers : 0 - Canadiens : 2.
7:35 of 2nd period - Sidney Crosby wins face-off versus Cory Emmerton in neutral zone.
7:48 of 2nd period - Snap shot by Sidney Crosby.
7:48 of 2nd period - Deflect By Patrick Sharp.
7:48 of 2nd period - Stopped by Antti Niemi without a rebound.
7:49 of 2nd period - Cory Emmerton wins face-off versus Sidney Crosby in Panthers zone.
7:49 of 2nd period - Cory Emmerton is hit by Dennis Wideman.
7:55 of 2nd period - Slapshot by Ian White.
7:55 of 2nd period - Shot Misses the Net.
8:29 of 2nd period - Tomas Kopecky is hit by Brett Maclean and loses puck.
8:49 of 2nd period - Wrist shot by Patrick Marleau.
8:49 of 2nd period - Shot Hit the Post.
8:51 of 2nd period - Wrist shot by Patrick Marleau.
8:51 of 2nd period - Stopped by Jonathan Bernier with a rebound.
9:11 of 2nd period - Slapshot by David Jones.
9:11 of 2nd period - Stopped by Antti Niemi without a rebound.
9:12 of 2nd period - Cory Emmerton wins face-off versus Sidney Crosby in Panthers zone.
9:19 of 2nd period - Wrist shot by Cory Emmerton.
9:19 of 2nd period - Stopped by Jonathan Bernier with a rebound.
9:21 of 2nd period - Wrist shot by Guillaume Latendresse.
9:21 of 2nd period - Shot Misses the Net.
9:23 of 2nd period - Slapshot by Brendan Smith.
9:23 of 2nd period - Stopped by Jonathan Bernier with a rebound.
9:37 of 2nd period - Jeff Tambellini is hit by Joe Pavelski and loses puck.
10:02 of 2nd period - Wrist shot by Cal Clutterbuck.
10:02 of 2nd period - Stopped by Antti Niemi with a rebound.
10:17 of 2nd period - Icing by Brett Maclean.
10:18 of 2nd period - Cory Emmerton wins face-off versus Dustin Boyd in Canadiens zone.
10:21 of 2nd period - Backhand shot by Cory Emmerton.
10:21 of 2nd period - Shot Blocked by Brett Maclean.
10:33 of 2nd period - Snap shot by Dustin Boyd.
10:33 of 2nd period - Stopped by Antti Niemi with a rebound.
10:57 of 2nd period - Wrist shot by Evgeny Dadonov.
10:57 of 2nd period - Shot Blocked by Brayden Schenn.
11:15 of 2nd period - Snap shot by Greg Stewart.
11:15 of 2nd period - Stopped by Antti Niemi with a rebound.
11:40 of 2nd period - Ladislav Nagy is hit by Matthew Spiller and loses puck.
11:55 of 2nd period - Wrist shot by Dustin Boyd.
11:55 of 2nd period - Stopped by Antti Niemi without a rebound.
11:56 of 2nd period - Cory Emmerton wins face-off versus Dustin Boyd in Panthers zone.
12:15 of 2nd period - Snap shot by Drew Stafford.
12:15 of 2nd period - Shot Blocked by Luke Schenn.
12:17 of 2nd period - Backhand shot by Erik Gudbranson.
12:17 of 2nd period - Deflect By Guillaume Latendresse.
12:17 of 2nd period - Goal by Guillaume Latendresse - Panthers : 1 - Canadiens : 2.
12:18 of 2nd period - Sidney Crosby wins face-off versus Cory Emmerton in neutral zone.
12:29 of 2nd period - Patrick Sharp is hit by Drew Stafford.
12:52 of 2nd period - Slapshot by Jason Spezza.
12:52 of 2nd period - Shot Misses the Net.
12:54 of 2nd period - Wrist shot by Jason Spezza.
12:54 of 2nd period - Stopped by Antti Niemi without a rebound.
12:55 of 2nd period - Cory Emmerton wins face-off versus Sidney Crosby in Panthers zone.
13:58 of 2nd period - Brett Maclean is hit by Shawn Horcoff and loses puck.
14:09 of 2nd period - Snap shot by Adam Pardy.
14:09 of 2nd period - Stopped by Antti Niemi with a rebound.
14:11 of 2nd period - Snap shot by Ladislav Nagy.
14:11 of 2nd period - Stopped by Antti Niemi with a rebound.
14:13 of 2nd period - Snap shot by David Jones.
14:13 of 2nd period - Stopped by Antti Niemi without a rebound.
14:14 of 2nd period - Marcel Goc wins face-off versus Cory Emmerton in Panthers zone.
14:17 of 2nd period - Slapshot by Ladislav Nagy.
14:17 of 2nd period - Stopped by Antti Niemi with a rebound.
14:19 of 2nd period - Backhand shot by Luke Schenn.
14:19 of 2nd period - Stopped by Antti Niemi without a rebound.
14:20 of 2nd period - Cory Emmerton wins face-off versus Sidney Crosby in Panthers zone.
14:47 of 2nd period - Matthew Spiller is hit by Joe Pavelski and loses puck.
15:00 of 2nd period - Wrist shot by Jason Spezza.
15:00 of 2nd period - Shot Blocked by Matthew Spiller.
15:28 of 2nd period - Minor Penalty to Cal Clutterbuck for Tripping.
15:29 of 2nd period - Drew Stafford wins face-off versus Jason Spezza in Canadiens zone.
15:32 of 2nd period - Snap shot by Guillaume Latendresse.
15:32 of 2nd period - Deflect By Drew Stafford.
15:32 of 2nd period - Stopped by Jonathan Bernier with a rebound.
15:34 of 2nd period - Wrist shot by Ian White.
15:34 of 2nd period - Shot Misses the Net.
15:36 of 2nd period - Wrist shot by Guillaume Latendresse.
15:36 of 2nd period - Deflect By Cory Emmerton.
15:36 of 2nd period - Shot Misses the Net.
15:36 of 2nd period - Puck is out of play.
15:37 of 2nd period - David Jones wins face-off versus Guillaume Latendresse in Canadiens zone.
15:52 of 2nd period - Slapshot by Drew Stafford.
15:52 of 2nd period - Stopped by Jonathan Bernier with a rebound.
17:28 of 2nd period - Penalty to Cal Clutterbuck is over, Cal Clutterbuck is back on ice.
18:01 of 2nd period - Slapshot by Matthew Spiller.
18:01 of 2nd period - Stopped by Jonathan Bernier with a rebound.
18:03 of 2nd period - Wrist shot by Daniel Sedin.
18:03 of 2nd period - Shot Misses the Net.
18:05 of 2nd period - Snap shot by George Parros.
18:05 of 2nd period - Shot Misses the Net.
18:15 of 2nd period - Sidney Crosby is hit by Alexander Perezhogin and loses puck.
18:26 of 2nd period - Wrist shot by Luke Schenn.
18:26 of 2nd period - Shot Misses the Net.
18:38 of 2nd period - Dustin Boyd is hit by George Parros and loses puck.
18:49 of 2nd period - Cory Emmerton is hit by Sidney Crosby and loses puck.
19:08 of 2nd period - Cal Clutterbuck is hit by Shawn Horcoff and loses puck.
19:37 of 2nd period - Wes O'Neill is hit by George Parros.
19:47 of 2nd period - Wrist shot by Daniel Sedin.
19:47 of 2nd period - Shot Misses the Net.
Goals for this period are 1 for Panthers vs 1 for Canadiens.
Shots for this period are 12 for Panthers vs 14 for Canadiens.
3rd period
0:01 of 3rd period - Cory Emmerton wins face-off versus Sidney Crosby in neutral zone.
0:26 of 3rd period - Erik Gudbranson is hit by Cal Clutterbuck.
1:19 of 3rd period - Backhand shot by Michal Rozsival.
1:19 of 3rd period - Deflect By Karl Alzner.
1:19 of 3rd period - Stopped by Jonathan Bernier with a rebound.
1:35 of 3rd period - Snap shot by Dustin Boyd.
1:35 of 3rd period - Stopped by Antti Niemi with a rebound.
1:37 of 3rd period - Snap shot by Cal Clutterbuck.
1:37 of 3rd period - Shot Misses the Net.
1:39 of 3rd period - Snap shot by Cal Clutterbuck.
1:39 of 3rd period - Stopped by Antti Niemi with a rebound.
1:41 of 3rd period - Slapshot by Karl Alzner.
1:41 of 3rd period - Stopped by Antti Niemi with a rebound.
2:01 of 3rd period - Snap shot by Jonathan Matsumoto.
2:01 of 3rd period - Stopped by Jonathan Bernier with a rebound.
2:47 of 3rd period - Wrist shot by Marcel Goc.
2:47 of 3rd period - Stopped by Antti Niemi with a rebound.
2:59 of 3rd period - Snap shot by Cal Clutterbuck.
2:59 of 3rd period - Shot Blocked by Tomas Kopecky.
3:01 of 3rd period - Snap shot by Dustin Boyd.
3:01 of 3rd period - Stopped by Antti Niemi with a rebound.
3:03 of 3rd period - Slapshot by Luke Schenn.
3:03 of 3rd period - Deflect By Dustin Boyd.
3:03 of 3rd period - Shot Hit the Post.
3:03 of 3rd period - Puck is out of play.
3:04 of 3rd period - Dustin Boyd wins face-off versus Cory Emmerton in Panthers zone.
3:07 of 3rd period - Wrist shot by Cal Clutterbuck.
3:07 of 3rd period - Stopped by Antti Niemi without a rebound.
3:08 of 3rd period - Cory Emmerton wins face-off versus Sidney Crosby in Panthers zone.
3:08 of 3rd period - Cory Emmerton is hit by Evgeny Dadonov.
3:59 of 3rd period - Minor Penalty to Shawn Horcoff for Tripping.
4:00 of 3rd period - Sidney Crosby wins face-off versus Brayden Schenn in Panthers zone.
4:15 of 3rd period - Jason Spezza is hit by Brayden Schenn and loses puck.
5:37 of 3rd period - Jason Spezza is hit by Jonathan Matsumoto and loses puck.
5:59 of 3rd period - Penalty to Shawn Horcoff is over, Shawn Horcoff is back on ice.
7:03 of 3rd period - Dennis Wideman is hit by Shawn Horcoff and loses puck.
7:42 of 3rd period - Jason Spezza is hit by Matthew Spiller and loses puck.
7:51 of 3rd period - Adam Pardy is hit by Matthew Spiller and loses puck.
8:02 of 3rd period - Adam Pardy is hit by Patrick Marleau and loses puck.
8:21 of 3rd period - Snap shot by George Parros.
8:21 of 3rd period - Shot Misses the Net.
8:27 of 3rd period - Snap shot by Jonathan Matsumoto.
8:27 of 3rd period - Shot Misses the Net.
8:47 of 3rd period - Slapshot by Ladislav Nagy.
8:47 of 3rd period - Goal by Ladislav Nagy - Panthers : 1 - Canadiens : 3.
8:48 of 3rd period - Evgeny Dadonov wins face-off versus Cory Emmerton in neutral zone.
9:05 of 3rd period - Patrick Sharp is hit by Cory Emmerton and loses puck.
9:43 of 3rd period - Wrist shot by Brett Maclean.
9:43 of 3rd period - Shot Misses the Net.
9:45 of 3rd period - Backhand shot by Luke Schenn.
9:45 of 3rd period - Stopped by Antti Niemi with a rebound.
9:47 of 3rd period - Slapshot by Brett Maclean.
9:47 of 3rd period - Shot Misses the Net.
10:07 of 3rd period - Snap shot by Jonathan Matsumoto.
10:07 of 3rd period - Stopped by Jonathan Bernier without a rebound.
10:08 of 3rd period - Cory Emmerton wins face-off versus Sidney Crosby in Canadiens zone.
10:37 of 3rd period - Jonathan Sigalet is hit by Brett Maclean.
10:41 of 3rd period - Snap shot by Jeff Tambellini.
10:41 of 3rd period - Shot Blocked by Karl Alzner.
11:07 of 3rd period - Snap shot by Alexander Perezhogin.
11:07 of 3rd period - Shot Misses the Net.
11:17 of 3rd period - Adam Pardy is hit by Daniel Sedin and loses puck.
11:22 of 3rd period - Slapshot by Daniel Sedin.
11:22 of 3rd period - Stopped by Jonathan Bernier without a rebound.
11:23 of 3rd period - Jonathan Matsumoto wins face-off versus Sidney Crosby in Canadiens zone.
11:24 of 3rd period - Wrist shot by Daniel Sedin.
11:24 of 3rd period - Shot Misses the Net.
11:32 of 3rd period - George Parros is hit by Dennis Wideman and loses puck.
11:50 of 3rd period - Off-side.
11:51 of 3rd period - Dustin Boyd wins face-off versus Cory Emmerton in neutral zone.
12:13 of 3rd period - Snap shot by Dustin Boyd.
12:13 of 3rd period - Shot Misses the Net.
12:21 of 3rd period - Snap shot by Drew Stafford.
12:21 of 3rd period - Stopped by Jonathan Bernier without a rebound.
12:22 of 3rd period - Evgeny Dadonov wins face-off versus Brayden Schenn in Canadiens zone.
12:41 of 3rd period - Luke Schenn is hit by Jeff Tambellini and loses puck.
12:54 of 3rd period - Slapshot by Luke Schenn.
12:54 of 3rd period - Deflect By Jason Spezza.
12:54 of 3rd period - Shot Misses the Net.
12:54 of 3rd period - Puck is out of play.
12:55 of 3rd period - Shawn Horcoff wins face-off versus Jason Spezza in Panthers zone.
12:59 of 3rd period - Off-side.
13:00 of 3rd period - Sidney Crosby wins face-off versus Cory Emmerton in neutral zone.
13:14 of 3rd period - Minor Penalty to Sidney Crosby for Tripping.
13:15 of 3rd period - Jason Spezza wins face-off versus Cory Emmerton in Canadiens zone.
15:01 of 3rd period - Jeff Tambellini is hit by Dustin Boyd and loses puck.
15:14 of 3rd period - Penalty to Sidney Crosby is over, Sidney Crosby is back on ice.
15:53 of 3rd period - Slapshot by Luke Schenn.
15:53 of 3rd period - Stopped by Antti Niemi without a rebound.
15:54 of 3rd period - Jonathan Matsumoto wins face-off versus Jason Spezza in Panthers zone.
15:59 of 3rd period - Snap shot by Daniel Sedin.
15:59 of 3rd period - Shot Misses the Net.
16:01 of 3rd period - Snap shot by George Parros.
16:01 of 3rd period - Shot Misses the Net.
16:03 of 3rd period - Slapshot by Jonathan Sigalet.
16:03 of 3rd period - Deflect By Joe Pavelski.
16:03 of 3rd period - Stopped by Jonathan Bernier with a rebound.
16:05 of 3rd period - Wrist shot by Jonathan Matsumoto.
16:05 of 3rd period - Deflect By Daniel Sedin.
16:05 of 3rd period - Shot Misses the Net.
16:05 of 3rd period - Puck is out of play.
16:06 of 3rd period - Shawn Horcoff wins face-off versus Jason Spezza in Canadiens zone.
16:09 of 3rd period - Slapshot by Jonathan Sigalet.
16:09 of 3rd period - Shot Misses the Net.
16:39 of 3rd period - Snap shot by Drew Stafford.
16:39 of 3rd period - Stopped by Jonathan Bernier without a rebound.
16:40 of 3rd period - Drew Stafford wins face-off versus Sidney Crosby in Canadiens zone.
16:43 of 3rd period - Slapshot by Guillaume Latendresse.
16:43 of 3rd period - Deflect By Cory Emmerton.
16:43 of 3rd period - Shot Misses the Net.
16:43 of 3rd period - Puck is out of play.
16:44 of 3rd period - Sidney Crosby wins face-off versus Cory Emmerton in Canadiens zone.
17:19 of 3rd period - Icing by Brett Maclean.
17:20 of 3rd period - Cory Emmerton wins face-off versus Dustin Boyd in Canadiens zone.
17:35 of 3rd period - Slapshot by Guillaume Latendresse.
17:35 of 3rd period - Stopped by Jonathan Bernier without a rebound.
17:36 of 3rd period - Shawn Horcoff wins face-off versus Sidney Crosby in Canadiens zone.
17:57 of 3rd period - Minor Penalty to Evgeny Dadonov for Slashing.
17:58 of 3rd period - Jason Spezza wins face-off versus Cory Emmerton in Canadiens zone.
17:58 of 3rd period - Jason Spezza is hit by Cory Emmerton.
19:27 of 3rd period - Icing by Ian White.
19:28 of 3rd period - Cory Emmerton wins face-off versus David Jones in Panthers zone.
19:45 of 3rd period - Tomas Kopecky is hit by Dennis Wideman and loses puck.
19:54 of 3rd period - Wrist shot by Patrick Sharp.
19:54 of 3rd period - Stopped by Antti Niemi with a rebound.
19:57 of 3rd period - Penalty to Evgeny Dadonov is over, Evgeny Dadonov is back on ice.
Goals for this period are 0 for Panthers vs 1 for Canadiens.
Shots for this period are 8 for Panthers vs 10 for Canadiens.
Back to the Top